Map: Proxima Station LE

Players

ShaDoWn - Winner!

  • Race: Protoss Protoss
  • Spawn Location: 7:00

Hymy

  • Race: Protoss Protoss
  • Spawn Location: 1:00

Event: WCS Jonkoping 2017

VOD

Have the link to the VOD?

Description

Time

  • Played on: June 17, 2017, 8:07 a.m.
  • Length: 11:52

All games in this series

Show
View Real Time Build Order
Export as new Build Order

ShaDoWn Protoss - Winner!

Build Orders:  

Get SALT Encoding   

  12  0:01  Probe (Chrono Boost)  
  13  0:12  Probe (Chrono Boost)  
  14  0:18  Pylon  
  14  0:24  Probe (Chrono Boost)  
  15  0:36  Probe (Chrono Boost)  
  15  0:40  Gateway  
  16  0:47  Pylon  
  16  0:50  Probe (Chrono Boost)  
  16  0:56  Assimilator  
  17  1:01  Probe (Chrono Boost)  
  18  1:05  Assimilator  
  18  1:11  Probe (Chrono Boost)  
  19  1:19  Pylon  
  19  1:22  Probe (Chrono Boost)  
  20  1:32  Cybernetics Core  
  20  1:34  Probe (Chrono Boost)  
  21  1:44  Probe (Chrono Boost)  
  22  1:55  Probe (Chrono Boost)  
  23  2:10  Stalker (Chrono Boost), Mothership Core (Chrono Boost)  
  23  2:12  Warp Gate (Chrono Boost)  
  27  2:27  Nexus  
  27  2:30  Probe (Chrono Boost)  
  28  2:42  Probe  
  28  2:44  Stalker  
  28  2:50  Pylon  
  30  2:54  Probe  
  31  3:11  Probe  
  32  3:20  Robotics Facility  
  32  3:23  Probe  
  32  3:25  Pylon  
  33  3:28  Pylon  
  33  3:35  Probe  
  33  3:38  Probe  
  35  3:42  Pylon  
  35  3:53  Probe  
  35  3:54  Pylon  
  35  3:55  Probe  
  36  3:57  Pylon  
  37  4:04  Gateway  
  37  4:05  Probe  
  37  4:07  Probe  
  37  4:08  Observer (Chrono Boost)  
  40  4:17  Probe  
  40  4:18  Probe  
  42  4:27  Immortal (Chrono Boost)  
  42  4:29  Pylon, Probe  
  42  4:30  Pylon  
  42  4:31  Probe  
  46  4:41  Probe x2  
  48  4:47  Assimilator x2  
  48  4:53  Probe  
  48  4:56  Probe  
  50  5:01  Immortal (Chrono Boost)  
  50  5:06  Probe  
  55  5:07  Probe  
  55  5:10  Pylon  
  55  5:12  Robotics Bay  
  56  5:16  Sentry x2  
  56  5:18  Probe  
  56  5:20  Probe  
  56  5:21  Pylon  
  62  5:29  Twilight Council  
  62  5:34  Probe, Warp Prism (Chrono Boost)  
  65  5:45  Pylon  
  65  5:50  Sentry x2  
  69  5:58  Pylon  
  69  5:59  Gravitic Drive (Chrono Boost)  
  69  6:00  Disruptor  
  69  6:05  Pylon  
  72  6:11  Gateway  
  72  6:12  Gateway  
  72  6:16  Gateway  
  72  6:28  Nexus  
  72  6:33  Probe x2  
  72  6:38  Disruptor  
  74  6:45  Probe  
  78  6:50  Probe  
  69  6:57  Probe  
  69  7:00  Forge  
  70  7:02  Probe  
  71  7:09  Warp Prism  
  71  7:11  Probe  
  71  7:14  Stalker  
  71  7:15  Stalker  
  78  7:18  Charge (Chrono Boost)  
  78  7:25  Stalker x3  
  78  7:27  Pylon  
  78  7:29  Probe  
  85  7:33  Probe  
  86  7:40  Disruptor  
  85  7:48  Pylon  
  86  7:56  Protoss Ground Weapons Level 1 (Chrono Boost)  
  84  8:03  Zealot x4  
  84  8:05  Pylon  
  92  8:07  Probe  
  92  8:08  Probe  
  92  8:11  Disruptor  
  94  8:14  Probe  
  94  8:16  Zealot  
  94  8:17  Pylon  
  100  8:20  Probe  
  100  8:21  Photon Cannon  
  100  8:26  Zealot  
  100  8:27  Zealot x3  
  109  8:42  Disruptor  
  112  8:49  Zealot x3  
  112  8:50  Zealot x2  
  112  8:54  Templar Archives  
  116  9:14  Zealot  
  116  9:15  Zealot x4, Colossus  
  126  9:28  Robotics Facility  
  126  9:33  Pylon  
  126  9:34  Pylon  
  124  9:46  Stalker x4  
  121  10:09  Gateway  
  121  10:12  Zealot x3  
  121  10:33  Stalker x3  
  121  10:34  Stalker  
  121  10:36  Pylon  
  121  10:37  Pylon  
  121  10:39  Pylon  
  120  10:43  Pylon  
  120  10:44  Pylon  
  120  10:45  Pylon x2  
  120  10:46  Photon Cannon  
  120  10:54  Observer (Chrono Boost)  
  119  11:03  Stalker x3  
  123  11:04  Zealot  
  114  11:19  Probe  
  113  11:30  Zealot x4  
  119  11:33  Probe  
Show
View Real Time Build Order
Export as new Build Order

Hymy Protoss 

Build Orders: Zealot Archon 

Get SALT Encoding   

  12  0:01  Probe (Chrono Boost)  
  13  0:11  Probe (Chrono Boost)  
  14  0:18  Pylon  
  14  0:22  Probe (Chrono Boost)  
  15  0:36  Probe (Chrono Boost)  
  15  0:39  Gateway  
  16  0:46  Probe (Chrono Boost)  
  17  0:51  Pylon  
  17  0:58  Probe (Chrono Boost)  
  18  1:06  Assimilator  
  18  1:08  Probe (Chrono Boost)  
  18  1:09  Assimilator  
  19  1:21  Probe (Chrono Boost)  
  20  1:28  Cybernetics Core  
  20  1:32  Zealot, Probe (Chrono Boost)  
  23  1:43  Probe (Chrono Boost)  
  24  1:53  Probe (Chrono Boost)  
  25  2:04  Probe (Chrono Boost)  
  26  2:14  Probe (Chrono Boost)  
  27  2:20  Nexus  
  27  2:22  Warp Gate (Chrono Boost)  
  27  2:28  Mothership Core  
  29  2:34  Stalker  
  30  2:50  Twilight Council  
  30  2:52  Pylon  
  30  2:54  Probe  
  31  3:10  Stalker (Chrono Boost)  
  33  3:17  Robotics Facility  
  33  3:19  Probe  
  32  3:25  Pylon  
  32  3:48  Stalker (Chrono Boost)  
  34  3:53  Probe  
  34  3:55  Gateway  
  35  4:06  Observer (Chrono Boost), Probe  
  37  4:15  Blink (Chrono Boost)  
  37  4:17  Probe  
  38  4:27  Immortal  
  38  4:28  Probe  
  38  4:29  Sentry  
  45  4:31  Probe  
  45  4:33  Gateway  
  46  4:45  Probe  
  47  4:49  Probe  
  47  4:51  Pylon  
  48  4:57  Probe  
  48  4:59  Probe, Pylon  
  48  5:09  Immortal  
  48  5:10  Probe  
  48  5:13  Mothership Core  
  55  5:22  Probe  
  55  5:23  Assimilator  
  55  5:26  Assimilator  
  56  5:32  Stalker  
  56  5:33  Probe  
  56  5:34  Probe  
  60  5:43  Probe  
  60  5:46  Probe  
  60  5:49  Sentry, Stalker  
  66  5:54  Probe  
  66  5:56  Forge  
  67  5:58  Probe  
  67  6:01  Pylon  
  68  6:04  Charge (Chrono Boost), Probe  
  68  6:10  Probe  
  70  6:12  Pylon  
  70  6:18  Probe  
  70  6:21  Warp Prism (Chrono Boost)  
  73  6:27  Templar Archives  
  73  6:31  Stalker x2  
  77  6:33  Protoss Ground Weapons Level 1 (Chrono Boost)  
  75  6:44  Zealot  
  75  6:58  Nexus  
  75  7:00  Pylon  
  75  7:04  Probe x2  
  77  7:09  Immortal  
  77  7:14  Photon Cannon  
  77  7:15  Gateway  
  81  7:18  Probe  
  81  7:20  High Templar x2  
  86  7:25  Archon  
  86  7:32  Photon Cannon  
  86  7:35  Gateway  
  86  7:36  Gateway  
  86  7:37  Probe  
  87  7:55  Probe  
  87  7:57  High Templar x2  
  92  8:02  Observer  
  93  8:05  Photon Cannon  
  93  8:07  Probe  
  93  8:08  Pylon  
  93  8:10  Probe  
  93  8:11  Pylon, Probe  
  95  8:15  Archon  
  96  8:21  Pylon  
  96  8:27  Probe x2  
  96  8:29  Probe  
  96  8:30  Assimilator  
  97  8:34  Assimilator  
  97  8:40  Probe  
  96  8:44  Probe  
  96  8:46  Probe  
  96  8:47  Stalker x2  
  102  8:53  Probe  
  102  8:54  High Templar x4  
  111  9:01  Gateway  
  111  9:02  Probe  
  103  9:03  Gateway  
  103  9:04  Pylon  
  103  9:05  Pylon, Archon  
  103  9:06  Archon  
  95  9:19  Probe  
  95  9:20  Probe  
  95  9:22  Photon Cannon, Probe  
  98  9:26  Dark Shrine  
  98  9:29  Stalker  
  98  9:30  Stalker x2  
  104  9:31  Probe  
  104  9:34  Nexus  
  105  9:43  Probe  
  100  9:52  Probe, Stargate  
  101  9:54  Stargate  
  101  9:57  Probe  
  94  10:04  Zealot x3  
  94  10:05  Zealot x3  
  94  10:06  Probe  
  107  10:07  Probe  
  107  10:09  Probe  
  89  10:29  Zealot x3  
  89  10:30  Zealot x5  
  80  10:52  Dark Templar x2  
  76  11:02  Stalker x2  
  76  11:03  Dark Templar x2  
  76  11:10  Dark Templar  
  78  11:12  Probe  
  58  11:27  Zealot x2  
  58  11:29  Probe  
  50  11:37  Zealot  
Tags
 
Add a new tag
Caveats
  • Supply blocks, unpowered buildings, or Contaminate may cause inaccurate times.
  • Supply counts are checked every 10 seconds.